 Dungeon Crawl Stone Soup version 0.28.0 (webtiles) character file.

Game seed: 11021007576094674771

5565 pkoi the Grappler (level 10, -15/70 HPs)
             Began as a Green Draconian Monk on Feb 13, 2022.
             Was a High Priest of Hepliaklqana.
             Demolished by Urug (19 damage)
             ... on level 1 of the Lair of Beasts on Feb 14, 2022.
             The game lasted 00:17:35 (11597 turns).

pkoi the Grappler (Green Draconian Monk)           Turns: 11597, Time: 00:17:36

Health: -15/70     AC: 12    Str: 20    XL:     10   Next: 44%
Magic:  0/15       EV: 13    Int: 15    God:    Hepliaklqana [*****.]
Gold:   335        SH:  0    Dex: 13    Spells: 14/15 levels left

rFire   . . .      SeeInvis .     - Unarmed
rCold   . . .      Faith    .   (no shield)
rNeg    . . .      Spirit   +   (armour unavailable)
rPois   +          Reflect  .   t - +1 hat
rElec   .          Harm     .   x - +0 cloak
rCorr   .          Rampage  .   E - +1 pair of gloves
Will    .....                   J - +0 pair of boots
Stlth   ++........              e - amulet of guardian spirit
HPRegen 0.21/turn               A - +4 ring of slaying
MPRegen 0.14/turn               k - +6 ring of strength

@: lethally poisoned (-15 -> -36)
A: reduced essence, breathe noxious fumes, AC +7, unfitting armour, poison
resistance, cold-blooded
a: Breathe Noxious Fumes, Renounce Religion, Recall Ancestor, Ancestor Identity,
Transference, Idealise


You were on level 1 of the Lair of Beasts.
You worshipped Hepliaklqana.
Hepliaklqana was extremely pleased with you.
You visited 3 branches of the dungeon, and saw 11 of its levels.

You collected 475 gold pieces.
You spent 140 gold pieces at shops.

Inventory:

Hand Weapons
 b - a +4 quarterstaff of protection
Missiles
 f - 17 poisoned darts
 n - a throwing net
Armour
 t - a +1 hat (worn)
 x - a +0 cloak (worn)
 E - a +1 pair of gloves (worn)
 J - a +0 pair of boots (worn)
Jewellery
 a - a ring of wizardry
 e - an amulet of guardian spirit (around neck)
 k - a +6 ring of strength (right hand)
 y - a ring of ice
 A - a +4 ring of slaying (left hand)
 C - a ring of resist corrosion
 K - a ring of flight
Wands
 l - a wand of iceblast (5)
 p - a wand of paralysis (4)
 r - a wand of mindburst (23) (quivered)
 F - a wand of digging (4)
Scrolls
 d - a scroll of enchant weapon
 g - 5 scrolls of teleportation
 q - 4 scrolls of fog
 G - a scroll of amnesia
 H - a scroll of identify
 I - a scroll of enchant armour
Potions
 c - 3 potions of magic
 h - a potion of invisibility
 i - 2 potions of haste
 j - a potion of brilliance
 m - 3 potions of lignification {unknown}
 o - 3 potions of berserk rage
 s - a potion of mutation {unknown}
 u - a potion of ambrosia
 v - a potion of flight
 w - a potion of curing
 z - 2 potions of cancellation {unknown}
 B - a potion of resistance
 D - a potion of might {unknown}


   Skills:
 - Level 4.0 Fighting
 + Level 4.9 Dodging
 - Level 1.7 Stealth
 + Level 10.4 Unarmed Combat
 - Level 3.0 Spellcasting
 - Level 3.4 Summonings
 + Level 7.6 Invocations
 + Level 6.7 Evocations


You had 14 spell levels left.
You knew the following spells:

 Your Spells              Type           Power      Damage    Failure   Level
a - Summon Small Mammal   Summ           48%        N/A       4%          1

Your spell library contained the following spells:

 Spells                   Type           Power      Damage    Failure   Level
 Call Canine Familiar     Summ           12%        N/A       14%         3
 Summon Guardian Golem    Hex/Summ       7%         N/A       30%         3
 Stone Arrow              Conj/Erth      4%         3d7       52%         3
 Tukima's Dance           Hex            2%         N/A       52%         3
 Leda's Liquefaction      Hex/Erth       1%         N/A       89%         4
 Olgreb's Toxic Radiance  Pois           2%         N/A       89%         4
 Passage of Golubria      Tloc           2%         N/A       89%         4
 Lee's Rapid Deconstruct  Erth           1%         3d5*      99%         5
 Yara's Violent Unravell  Hex/Tmut       1%         3d3       99%         5
 Statue Form              Tmut/Erth      1%         N/A       100%        6
 Ozocubu's Refrigeration  Ice            1%         4d5       100%        7
 Ignition                 Fire           1%         3d3       100%        8
 Lehudib's Crystal Spear  Conj/Erth      1%         10d2      100%        8
 Animate Armour           Summ/Erth      Unusable   N/A       N/A         4

Dungeon Overview and Level Annotations

Branches:
Dungeon (9/15)             Temple (1/1) D:5            Lair (1/6) D:9
    Orc: D:9-12

Altars:
Ashenzari
Cheibriados
Dithmenos
Elyvilon
Fedhas
Gozag
Hepliaklqana
Kikubaaqudgha
Makhleb
Nemelex Xobeh
Okawaru
Qazlal
Ru
Sif Muna
Trog
Uskayaw
Vehumet
Wu Jian
Xom
Yredelemnul
Zin
The Shining One
Lugonu

Shops:
D:7 *

Annotations:
D:5 1 runed translucent door, js333's ghost, novice DECj
D:7 3 runed translucent doors, browni3141's ghost, novice MiFi; horus123's ghost, novice OgIE; js333's ghost, novice DECj
D:8 Gastronok
D:9 1 transporter, croobank's ghost, novice HOMo
Lair:1 Urug


Innate Abilities, Weirdness & Mutations

Your life essence is reduced to manifest your ancestor. (-10% HP)
You can breathe blasts of noxious fumes.
Your lurid green scales are hard. (AC +7)
You cannot fit into any form of body armour.
Your system is resistant to poisons. (rPois)
You are cold-blooded and may be slowed by cold attacks.


Message History

The black bear is heavily wounded.
The black bear closely misses you. x2; The black bear claws you.
You punch the black bear! You tail-slap the black bear.
The black bear is almost dead.
The black bear goes berserk!
You punch the black bear!
You kill the black bear!
Urug throws a silver javelin.
The silver javelin pierces through Terra!!
The silver javelin pierces through you!
* * * LOW HITPOINT WARNING * * *
x2 Unknown command.
Terra hits Urug with a +0 flail!
Urug hits you with a +2 demon trident of venom!!
* * * LOW HITPOINT WARNING * * *
You hit Urug. You tail-slap Urug, but do no damage.
Urug is lightly wounded.
Terra hits Urug with a +0 flail.
You punch Urug! You tail-slap Urug, but do no damage.
Urug is moderately wounded.
Urug hits you with a +2 demon trident of venom!
* * * LOW HITPOINT WARNING * * *
You are lethally poisoned!
Terra hits Urug with a +0 flail.
You hit Urug.
Urug is heavily wounded.
* * * LOW HITPOINT WARNING * * *
You feel very sick.
Urug hits you with a +2 demon trident of venom.
* * * LOW HITPOINT WARNING * * *
You are more poisoned.
Aiming: Paralyse
Press: ? - help, Shift-Dir - straight line, f - Urug
Aim: Urug, wielding a +2 demon trident of venom, wearing a +0 scale mail of fire resistance and quivering silver javelins (heavily wounded, ally target, chance to affect: 48%) Urug resists with some effort.
* * * LOW HITPOINT WARNING * * *
You feel very sick.
Terra closely misses Urug.
Urug hits you with a +2 demon trident of venom!!
You die... .
P.P.........P........
P.P.PPP.PPPPP###...## .
P...P.............## PPP.PPPPPPP.P####..# ....P.....P.## .P# .PPPPP.PPP.P..##

....
...P...P...#.....
PPP.PPP.P....#....
... P.PR@.......
PP P.Po........
#........#....
##......#.....
##.....##....
#...### .... #...#
... #... .#


You could see the friendly Terra the knight and Urug (ally target).

Vanquished Creatures
  A two-headed ogre (D:9)
  An elephant (D:9)
  Maurice (D:9)
  A hornet (D:9)
  3 yaks (D:8)
  A steam dragon (D:8)
  2 water moccasins
  4 black bears
  2 ogres
  3 scorpions
  A water moccasin zombie (D:6)
  A water moccasin skeleton (D:4)
  2 howler monkeys
  A centaur zombie (D:9)
  2 bullfrog zombies
  A hound (D:7)
  3 orc priests
  A gnoll shaman (D:4)
  A centaur skeleton (D:7)
  7 iguanas
  2 orc wizards
  A hound skeleton (D:4)
  A howler monkey zombie (D:9)
  5 gnolls
  10 adders
  A howler monkey skeleton (D:5)
  A white imp (D:6)
  A worm (D:2)
  A dart slug (D:1)
  16 orcs
  6 ball pythons
  5 endoplasms
  2 giant cockroaches
  A hobgoblin (D:1)
  8 jackals
  10 kobolds
  5 quokkas
  5 bats
  3 frilled lizards
  3 goblins
  5 rats
  A spectral goblin (D:3)
132 creatures vanquished.

Vanquished Creatures (collateral kills)
  2 wyverns
  2 basilisks
  A water moccasin (Lair:1)
  3 orc warriors
  An ogre (D:7)
  A centaur (D:8)
  A kobold brigand (D:9)
  A scorpion (D:7)
  3 jellies
  2 centaur zombies
  A hound (D:5)
  3 orc priests (D:9)
  A gnoll shaman (D:5)
  2 orc wizards (D:9)
  An iguana (D:3)
  2 gnolls
  A worm (D:5)
  A dart slug (D:5)
  7 orcs
  A kobold (D:9)
37 creatures vanquished.

Vanquished Creatures (others)
  2 knights
  4 plants (Lair:1)
6 creatures vanquished.

Grand Total: 175 creatures vanquished

Notes
Turn   | Place    | Note
-------+----------+-------------------------------------------
     0 | D:1      | pkoi the Draconian Monk began the quest for the Orb.
     0 | D:1      | Reached XP level 1. HP: 19/19 MP: 1/1
   277 | D:1      | Reached XP level 2. HP: 23/26 MP: 2/2
   513 | D:1      | Reached skill level 4 in Unarmed Combat
   783 | D:2      | Reached XP level 3. HP: 31/31 MP: 3/3
   913 | D:2      | You fall into a shaft and drop 2 floors!
   919 | D:4      | Noticed a scorpion
   932 | D:4      | Noticed a black bear
   938 | D:4      | Killed a black bear
   939 | D:4      | Reached skill level 5 in Unarmed Combat
   939 | D:4      | Reached XP level 4. HP: 38/38 MP: 4/4
  1052 | D:4      | Reached XP level 5. HP: 44/45 MP: 5/5
  1160 | D:4      | Reached skill level 6 in Unarmed Combat
  1884 | D:3      | Found an ornate altar of the Wu Jian Council.
  1959 | D:3      | Reached XP level 6. HP: 12/52 MP: 6/6
  3114 | D:2      | Learned a level 1 spell: Summon Small Mammal
  3473 | D:3      | Found a basalt altar of Yredelemnul.
  3486 | D:3      | Found a hazy altar of Hepliaklqana.
  3558 | D:3      | Became a worshipper of Hepliaklqana the Forgotten
  3558 | D:3      | Reached * piety under Hepliaklqana
  3558 | D:3      | Reached ** piety under Hepliaklqana
  3559 | D:3      | Remembered your ancestor Terra as a knight
  3962 | D:3      | Found a hide-covered altar of Uskayaw.
  4208 | D:4      | Found a shadowy altar of Dithmenos.
  4454 | D:4      | Found a bloodstained altar of Trog.
  4469 | D:4      | Reached skill level 7 in Unarmed Combat
  4469 | D:4      | Reached skill level 1 in Invocations
  4566 | D:4      | Your scales start taking on a lurid green colour.
  4566 | D:4      | Reached XP level 7. HP: 53/53 MP: 8/8
  4566 | D:4      | Gained mutation: Your system is resistant to poisons.
                  | (rPois) [Green Draconian growth]
  5419 | D:5      | Entered Level 5 of the Dungeon
  5757 | D:5      | Found a sacrificial altar of Ru.
  5770 | D:5      | Reached skill level 8 in Unarmed Combat
  5773 | D:5      | Reached skill level 1 in Spellcasting
  5773 | D:5      | Reached skill level 1 in Summonings
  5795 | D:5      | Reached XP level 8. HP: 38/59 MP: 11/11
  6035 | D:5      | Found a staircase to the Ecumenical Temple.
  6066 | D:5      | Reached skill level 1 in Evocations
  6086 | D:5      | Found a glowing golden altar of the Shining One.
  6384 | D:5      | Noticed js333's ghost (novice DECj)
  6386 | D:5      | Found a runed translucent door.
  6635 | Temple   | Entered the Ecumenical Temple
  6710 | D:6      | Found a radiant altar of Vehumet.
  6716 | D:6      | Found a sparkling altar of Nemelex Xobeh.
  6723 | D:6      | Reached *** piety under Hepliaklqana
  6873 | D:6      | Reached skill level 5 in Invocations
  6940 | D:6      | Found a glowing silver altar of Zin.
  6958 | D:6      | Noticed an angel
  7016 | D:6      | Found a shimmering altar of Xom.
  7359 | D:6      | Found a stormy altar of Qazlal.
  7590 | D:7      | Reached skill level 9 in Unarmed Combat
  7705 | D:7      | Found Taitrushro's General Store.
  7710 | D:7      | Bought a potion of haste for 140 gold pieces
  7758 | D:7      | Found a runed translucent gate.
  7759 | D:7      | Found a runed translucent gate.
  7760 | D:7      | Found a runed translucent gate.
  7761 | D:7      | Noticed browni3141's ghost (novice MiFi)
  7761 | D:7      | Noticed horus123's ghost (novice OgIE)
  7762 | D:7      | Noticed js333's ghost (novice DECj)
  7822 | D:7      | Reached **** piety under Hepliaklqana
  7892 | D:7      | Found a broken altar of Ashenzari.
  8513 | D:8      | Reached XP level 9. HP: 45/63 MP: 9/13
  8781 | D:8      | Reached skill level 5 in Evocations
  8849 | D:8      | Noticed Gastronok
  9178 | D:8      | Found a white marble altar of Elyvilon.
 10325 | D:9      | Found a staircase to the Lair.
 10325 | D:9      | Noticed an elephant
 10356 | D:9      | Killed an elephant
 10589 | D:9      | Noticed Maurice
 10597 | D:9      | Killed Maurice
 10598 | D:9      | Reached skill level 10 in Unarmed Combat
 10598 | D:9      | Reached XP level 10. HP: 70/70 MP: 15/15
 10901 | D:9      | Noticed a two-headed ogre
 10901 | D:9      | Noticed a two-headed ogre
 10901 | D:9      | Noticed croobank's ghost (novice HOMo)
 10902 | D:9      | Found a transporter.
 10902 | D:9      | Noticed a two-headed ogre
 10903 | D:9      | Noticed a two-headed ogre
 10967 | D:9      | Noticed a two-headed ogre
 10993 | D:9      | Killed a two-headed ogre
 11336 | Lair:1   | Entered Level 1 of the Lair of Beasts
 11510 | Lair:1   | Reached ***** piety under Hepliaklqana
 11588 | Lair:1   | Noticed Urug
 11597 | Lair:1   | Demolished by Urug

Illustrated notes

Levels and vault maps discovered:
D:1:      roderic_octagonal_star, layout_basic
D:2:      layout_basic
D:3:      layout_basic, nicolae_hepliaklqana_monster_ancestors,
          yredelemnul_altar_generic, nicolae_wu_jian_wuxing_cycle,
          pf_just_have_faith, columned_hall_lemuel
D:4:      layout_gridville, trog_three_pillars_becter,
          mainiacjoe_overflow_alcove_2, kennysheep_decorative_pillar,
          chequers_avenue
D:5:      kb_forest_paths, layout_loops_ring, lemuel_doored_altar,
          nicolae_ru_sacrificial_ziggurat, minmay_temple_entry_statues,
          gammafunk_ghost_grave, cheibrodos_sewer_entry_bend
D:6:      layout_loops_cross, grunt_temple_overflow_order_and_chaos_1,
          mainiacjoe_overflow_alcove_4, mainiacjoe_overflow_catwalk_spiral
D:7:      layout_basic, evilmike_ruin_ashenzari, gammafunk_ghost_cemetery,
          serial_shops, nicolae_shop_competitors_out_of_business
D:8:      layout_loops_cross, nicolae_elyvilon_peaceful_grove, uniq_gastronok
D:9:      layout_irregular_city, david_lair_generic, enter_bailey_2,
          gammafunk_ghost_smash, uniq_maurice
Temple:   corrupted_temple
Lair:1:   layout_gridlike, minmay_hedge_maze, dreamdust_deal_with_the_devil,
          serial_bayou_crossing, lemuel_fruit_fields, grunt_megastairs_5,
          serial_bayou_shore_a, uniq_urug

Skill      XL: |  1  2  3  4  5  6  7  8  9 10 |
---------------+-------------------------------+-----
Unarmed Combat | 4 5 6 7 8 9 10 | 10.4
Dodging        | 3 4 |  4.9
Fighting       | 4 |  4.0
Invocations    | 2 4 5 6 7 |  7.6
Spellcasting   | 1 3 |  3.0
Summonings     | 1 3 |  3.4
Evocations     | 4 5 6 |  6.7
Stealth        | |  1.7

Action                   |  1- 3 |  4- 6 |  7- 9 | 10-12 || total
-------------------------+-------+-------+-------+-------++-------
Melee: Unarmed           |   121 |   112 |   236 |    47 ||   516
       Tailslap          |    20 |    15 |    35 |    14 ||    84
       Punch             |     1 |     1 |    13 |     2 ||    17
       Quarterstaff      |       |    25 |       |       ||    25
Throw: Dart              |     2 |       |       |       ||     2
Invok: Ancestor Life: Kn |       |     1 |       |       ||     1
       Ancestor Identity |       |     1 |       |       ||     1
 Abil: Breathe Noxious F |       |       |     8 |       ||     8
Evoke: Wand              |       |       |     3 |     2 ||     5
  Use: Potion            |     1 |     3 |       |       ||     4
       Scroll            |       |     7 |    12 |       ||    19
 Stab: Sleeping          |     8 |     4 |     3 |       ||    15
       Confused          |       |       |     5 |       ||     5
       Distracted        |       |       |     1 |     1 ||     2
       Paralysed         |       |       |       |     5 ||     5
Armor: Skin              |    40 |    27 |    60 |    16 ||   143
Dodge: Dodged            |    72 |    74 |   141 |    21 ||   308
